 Dungeon Sprint DCSS version 0.20-a0-1078-g4874019 (webtiles) character file.

37 Nobokod the Cudgeler (level 3, -2/29 HPs)
             Began as a Demonspawn Fighter on Apr 30, 2017.
             Was an Initiate of Qazlal.
             Slain by a troll (10 damage)
             ... in the Dungeon (Sprint IX: "|||||||||||||||||||||||||||||").
             The game lasted 00:01:37 (309 turns).

Nobokod the Cudgeler (Demonspawn Fighter)            Turns: 309, Time: 00:01:38

Health: -2/29      AC:  9    Str: 21    XL:     3   Next: 21%
Magic:  2/4        EV:  9    Int: 12    God:    Qazlal [......]
Gold:   0          SH:  9    Dex: 13    Spells: 2/2 levels left

rFire    . . .     SeeInvis .   q - +2 morningstar (crush)
rCold    . . .     Gourm    .   c - +0 shield
rNeg     . . .     Faith    .   s - +1 scale mail
rPois    .         Spirit   .   (helmet restricted)
rElec    .         Reflect  .   p - +0 cloak
rCorr    .         Harm     .   (no gloves)
MR       .....     NoTele   +   (no boots)
Stlth    ..........             (no amulet)
Regen    0.1/turn               t - +3 ring of intelligence
MPRegen  0.1/turn               u - +2 ring of evasion

@: mighty
A: antennae 1, spiny 1
a: Renounce Religion


You were in the Dungeon.
You worshipped Qazlal.
Qazlal was noncommittal.
You were not hungry.

You visited 1 branch

Inventory:

Hand Weapons
 q - a +2 morningstar of crushing (weapon)
Armour
 c - a +0 shield (worn)
 p - a +0 cloak (worn)
 r - a +0 helmet
 s - a +1 scale mail (worn)
Jewellery
 t - a +3 ring of intelligence (left hand)
 u - a +2 ring of evasion (right hand)
Wands
 o - a wand of iceblast (7/15)
Scrolls
 k - 2 scrolls of blinking
 m - 3 scrolls of remove curse
 n - 2 scrolls of amnesia
Potions
 e - 5 potions of curing
 g - 3 potions of heal wounds
 h - a potion of haste
 i - 4 potions of magic
 j - a potion of berserk rage
 l - a potion of invisibility
Comestibles
 f - a bread ration


   Skills:
 + Level 3.3 Fighting
 * Level 5.2 Maces & Flails
 + Level 3.3 Armour
 + Level 3.1 Shields
 * Level 1.3 Invocations


You had 2 spell levels left.
You didn't know any spells.

Dungeon Overview and Level Annotations

Branches:
Dungeon (1/1)

Altars:
Cheibriados
Dithmenos
Elyvilon
Fedhas
Gozag
Hepliaklqana
Kikubaaqudgha
Makhleb
Nemelex Xobeh
Okawaru
Qazlal
Ru
Sif Muna
Trog
Uskayaw
Vehumet
Wu Jian
Xom
Yredelemnul
Zin
The Shining One
Beogh
Jiyva
Lugonu


Innate Abilities, Weirdness & Mutations

You have a pair of small antennae on your head.
You are partially covered in sharp spines.


Message History

Your +0 helmet falls away!
You sock the troll!
The troll is moderately wounded.
You block the troll's attack. The troll claws you.
The troll claws you but does no damage. You block the orc warrior's attack.
You block the troll's attack. The troll claws you.
The troll claws you but does no damage.
You bludgeon the troll!!
The troll is almost dead.
The orc warrior hits you from afar with a trident.
The troll is struck by your spines. The troll barely misses you.
The troll claws you! The troll claws you.
The orc priest looks braver for a moment.
You barely miss the troll.
The troll is almost dead.
The orc warrior closely misses you. The troll closely misses you.
The troll claws you.
* * * LOW HITPOINT WARNING * * *
The troll claws you!
You die... ▓▓▓▓▓▓▓▓▓▓▓▓▓▓▓▓▓▓▓▓▓▓▓▓ ..oYooT@....)|..'_______ ▓▓▓▓▓▓▓▓▓▓▓▓▓▓▓▓▓▓▓▓▓▓▓▓

You could see a troll, an orc warrior, an ice beast, an orc priest and an orc.

Vanquished Creatures
  A worker ant (D)
  A leopard gecko (D)
  3 orcs (D)
  A ball python (D)
  3 bats (D)
  A frilled lizard (D)
  A rat (D)
11 creatures vanquished.

Notes
Turn   | Place    | Note
-------+----------+-------------------------------------------
     0 | D        | Nobokod the Demonspawn Fighter began the quest for the Orb.
     0 | D        | Reached XP level 1. HP: 18/18 MP: 1/1
     8 | D        | Reached skill level 2 in Maces & Flails
    13 | D        | Reached skill level 3 in Maces & Flails
   203 | D        | Reached skill level 4 in Maces & Flails
   203 | D        | Gained mutation: You are partially covered in sharp spines. [demonic ancestry]
   203 | D        | Reached XP level 2. HP: 24/24 MP: 2/2
   216 | D        | Found a roughly hewn altar of Beogh.
   216 | D        | Found a snail-covered altar of Cheibriados.
   216 | D        | Found a shadowy altar of Dithmenos.
   216 | D        | Found a white marble altar of Elyvilon.
   216 | D        | Found a blossoming altar of Fedhas.
   216 | D        | Found an opulent altar of Gozag.
   217 | D        | Found a hazy altar of Hepliaklqana.
   218 | D        | Found a viscous altar of Jiyva.
   219 | D        | Found an ancient bone altar of Kikubaaqudgha.
   220 | D        | Found a corrupted altar of Lugonu.
   221 | D        | Found a burning altar of Makhleb.
   222 | D        | Found a sparkling altar of Nemelex Xobeh.
   223 | D        | Found an iron altar of Okawaru.
   224 | D        | Found a stormy altar of Qazlal.
   225 | D        | Found a sacrificial altar of Ru.
   226 | D        | Found a deep blue altar of Sif Muna.
   227 | D        | Found a bloodstained altar of Trog.
   228 | D        | Found a hide-covered altar of Uskayaw.
   229 | D        | Found a radiant altar of Vehumet.
   230 | D        | Found an ornate altar of the Wu Jian Council.
   231 | D        | Found a shimmering altar of Xom.
   232 | D        | Found a basalt altar of Yredelemnul.
   233 | D        | Found a glowing silver altar of Zin.
   234 | D        | Found a glowing golden altar of the Shining One.
   244 | D        | Became a worshipper of Qazlal Stormbringer
   302 | D        | Noticed an ice beast
   302 | D        | Noticed an orc warrior
   302 | D        | Noticed a troll
   306 | D        | Reached skill level 5 in Maces & Flails
   306 | D        | Reached skill level 1 in Invocations
   306 | D        | Gained mutation: You have a pair of small antennae on your head. [demonic ancestry]
   306 | D        | Reached XP level 3. HP: 29/29 MP: 2/4
   309 | D        | Slain by a troll

Vault maps used:
D:        linesprint

Skill      XL: |  1  2 |
---------------+-------+-----
Maces & Flails | 4 5 |  5.2
Armour         | 3 |  3.3
Shields        | 3 |  3.1
Invocations    | 1 |  1.3
Fighting       | |  3.3

Action                   || total
-------------------------++-------
Melee: Flail             ||    31
       Morningstar       ||     6
  Use: Potion            ||     1
Armor: Scale mail        ||    11
Dodge: Dodged            ||    13
Block: Shield            ||    23
